 Dungeon Crawl Stone Soup version 0.20.1-1-g8b1a95d (webtiles) character file.

95779 Kingsmith the Peltast (level 15, 0/141 HPs)
             Began as a Minotaur Fighter on Dec 8, 2017.
             Was the Champion of the Shining One.
             Slain by the 26-headed Lernaean hydra (4 damage)
             ... on level 4 of the Swamp.
             The game lasted 01:46:35 (24791 turns).

Kingsmith the Peltast (Minotaur Fighter)           Turns: 24791, Time: 01:46:36

Health: 0/141      AC: 20    Str: 25    XL:     15   Next: 67%
Magic:  14/21      EV: 19    Int:  3    God:    the Shining One [******]
Gold:   411        SH: 17    Dex: 25    Spells: 14/14 levels left

rFire    . . .     SeeInvis .   L - +3 long sword (flame)
rCold    . . .     Gourm    +   c - +1 shield
rNeg     + + +     Faith    .   d - +2 swamp dragon scales
rPois    +         Spirit   .   p - +2 hat
rElec    +         Reflect  .   E - +1 cloak of the Quahog {Dex+7}
rCorr    .         Harm     .   D - +0 pair of gloves
MR       +....                  W - +2 pair of boots {Fly}
Stlth    +.........             S - amulet of the gourmand
Regen    0.4/turn               r - ring "Gugualur" {rElec Int-2 Slay+1 Stlth+}
MPRegen  0.2/turn               t - +6 ring of dexterity

@: flying, very slightly contaminated, glowing
A: retaliatory headbutt, horns 2
a: Divine Shield, Cleansing Flame, Summon Divine Warrior, Brand Weapon With Holy
Wrath, Renounce Religion, Stop Flying


You were on level 4 of the Swamp.
You worshipped the Shining One.
The Shining One was exalted by your worship.
You were full.

You visited 4 branches of the dungeon, and saw 23 of its levels.
You also visited: Ice Cave.

You collected 2138 gold pieces.
You spent 1727 gold pieces at shops.

Inventory:

Hand Weapons
 L - a +3 long sword of flaming (weapon)
Armour
 c - a +1 shield (worn)
 d - +2 swamp dragon scales (worn)
 p - a +2 hat (worn)
 D - a +0 pair of gloves (worn)
 E - the +1 cloak of the Quahog (worn) {Dex+7}
   (You found it on level 5 of the Dungeon)

   It affects your dexterity (+7).
 W - a +2 pair of boots of flying (worn)
Jewellery
 k - an uncursed ring of protection from magic
 r - the ring "Gugualur" (left hand) {rElec Int-2 Slay+1 Stlth+}
   (You found it on level 10 of the Dungeon)

   [ring of slaying]

   It affects your intelligence (-2).
   It affects your accuracy and damage with ranged weapons and melee attacks
   (+1).
   It insulates you from electricity.
   It makes you more stealthy.
 t - a +6 ring of dexterity (right hand)
 w - an uncursed ring of protection from fire
 x - an uncursed ring of positive energy
 H - an uncursed amulet of rage
 P - an uncursed ring of protection from cold
 S - an amulet of the gourmand (around neck)
 V - an uncursed ring of see invisible
Wands
 l - a wand of disintegration (8/24)
 A - a wand of disintegration (6/24)
 X - a wand of disintegration (12/24)
Scrolls
 e - 2 scrolls of magic mapping
 i - a scroll of recharging
 j - a scroll of identify
 m - 3 scrolls of enchant weapon
 n - a scroll of enchant armour
 o - a scroll of immolation {unknown}
 y - 7 scrolls of teleportation
 B - a scroll of silence {unknown}
 C - a scroll of blinking
 N - 4 scrolls of brand weapon
 Q - 5 scrolls of remove curse
 R - a scroll of holy word {unknown}
 Z - a scroll of fear {unknown}
Potions
 a - 2 potions of brilliance {unknown}
 b - 5 potions of agility
 h - 5 potions of mutation
 q - 4 potions of might
 u - 7 potions of flight
 F - 3 potions of heal wounds
 G - 2 potions of berserk rage
 J - 2 potions of haste
 K - 3 potions of lignification
 M - 2 potions of degeneration {unknown}
 O - 2 potions of resistance {unknown}
 U - 12 potions of curing
 Y - a potion of cancellation {unknown}
Miscellaneous
 g - a sack of spiders
 s - a phial of floods (inert)
 I - a fan of gales
Comestibles
 f - 15 bread rations
 v - 17 royal jellies
 z - 12 meat rations
 T - 12 fruits


   Skills:
 - Level 15.5 Fighting
 - Level 15.3 Long Blades
 - Level 8.7 Armour
 - Level 8.1 Dodging
 + Level 16.9 Shields
 - Level 10.0 Invocations
 - Level 7.1 Evocations


You had 14 spell levels left.
You didn't know any spells.

Dungeon Overview and Level Annotations

Branches:
Dungeon (11/15)            Temple (0/1) D:7            Lair (6/6) D:10
  Swamp (4/4) Lair:2        Snake (0/4) Lair:3        Slime (0/5) Lair:6
    Orc (2/2) D:11            Elf (0/3) Orc:2

Altars:
Dithmenos
Elyvilon
Hepliaklqana
Kikubaaqudgha
Makhleb
Nemelex Xobeh
Qazlal
Ru
Sif Muna
Trog
Vehumet
Xom
Zin
The Shining One
Beogh

Shops:
D:5 }!?   D:6 *   Orc:2 ?[!}

Annotations:
D:5 Scroll of Acquirement for 624gp, Multiple Evocation summoning items, 600gp
D:9 Lindwurm Island
Lair:2 Stash
Swamp:4 Lernaean hydra


Innate Abilities, Weirdness & Mutations

You reflexively headbutt those who attack you in melee.
You have a pair of horns on your head.


Message History

You block the seven-headed hydra's attack. x2
The seven-headed hydra bites you.
The 26-headed Lernaean hydra bites you but does no damage.
The 26-headed Lernaean hydra bites you!
You block the 26-headed Lernaean hydra's attack.
The 26-headed Lernaean hydra bites you!
* * * LOW HITPOINT WARNING * * *
The 26-headed Lernaean hydra completely misses you.
The 26-headed Lernaean hydra bites you but does no damage.
The 26-headed Lernaean hydra bites you!
* * * LOW HITPOINT WARNING * * *
The 26-headed Lernaean hydra bites you!
* * * LOW HITPOINT WARNING * * *
The 26-headed Lernaean hydra bites you.
* * * LOW HITPOINT WARNING * * *
The 26-headed Lernaean hydra bites you!
* * * LOW HITPOINT WARNING * * *
The 26-headed Lernaean hydra closely misses you.
The 26-headed Lernaean hydra bites you.
You die...

♣♣♣≈#≈....♣....≈♣♣♣ ♣
♣≈≈≈.♣.#.≈.≈.≈...≈♣♣♣
♣♣≈#.♣.............♣.
♣♣♣♣.≈♣......≈≈.♣..♣≈
.♣♣♣≈♣♣♣..§♣.♣♣....♣ ≈#≈
.♣♣♣†♣♣♣...§♣≈≈≈.≈≈ ≈≈≈#
###.♣♣≈.♣♣♣≈≈≈..≈≈≈†.
≈≈≈#≈k##≈†w♣≈≈.♣♣≈≈≈≈..≈≈≈..
....≈kn†D|D@[..♣♣≈≈≈≈≈≈.≈.≈.
≈≈≈.≈≈#D≈.D.≈..♣♣♣.≈≈≈≈≈≈.≈≈
#≈≈≈≈ ###.♣♣.≈≈♣ ♣≈.≈....≈≈≈
≈≈## ≈.♣♣≈...♣ ♣♣.≈≈.≈≈≈≈≈ #
≈.♣♣♣≈≈...♣ ♣.≈≈≈≈≈≈≈≈ ♣
♣≈≈≈≈..♣ ♣.≈≈..... ≈≈≈.#...♣
≈≈≈.≈...≈≈ ≈≈≈#.. (≈$♣


You could see the 26-headed Lernaean hydra, a seven-headed hydra, a six-headed
hydra, a swamp dragon, a tyrant leech, a bog body and 2 swamp drakes.

Vanquished Creatures
  An Ice Fiend (IceCv)
  A thorn hunter (Swamp:3)
  The ghost of Turgon the Severer, a journeyman DDWn of Makhleb (IceCv)
  An ettin (Orc:2)
  3 ogre magi (Orc:2)
  Fannar (Orc:1)
  9 hydras
  A catoblepas (Lair:6)
  4 two-headed ogres
  2 ghost crabs (Swamp:4)
  A deep troll shaman (Lair:6)
  15 death yaks
  9 alligators
  The ghost of bmj180 the Basher, a novice MiFi of Okawaru (D:8)
  2 swamp dragons (Swamp:4)
  A spriggan druid (Swamp:3)
  A lindwurm (Lair:6)
  The ghost of Daviar the Skirmisher, a novice FoAK of Lugonu (D:5)
  An orc knight (Orc:2)
  An oklob plant (Lair:2)
  7 orc sorcerers (Orc:2)
  A manticore (D:11)
  Maurice (D:8)
  7 elephants
  3 black mambas
  A cyclops (D:11)
  2 centaur zombies
  20 spiny frogs
  2 ice statues (IceCv)
  10 komodo dragons
  A golden dragon simulacrum (IceCv)
  3 polar bears (Lair:6)
  7 ice devils (IceCv)
  4 trolls
  7 tyrant leeches
  5 hornets
  15 slime creatures
  8 blink frogs
  7 bog bodies
  14 hippogriffs
  5 spriggans
  2 wyverns (Lair:6)
  2 water elementals (D:11)
  Sigmund (D:4)
  A vampire (D:10)
  A shadow (Swamp:4)
  30 yaks
  2 wraiths
  A basilisk (Lair:3)
  22 vampire mosquitoes
  2 wargs
  Edmund (D:5)
  15 insubstantial wisps
  4 harpy simulacra (IceCv)
  11 swamp worms
  A naga (Lair:3)
  13 water moccasins
  2 hydra simulacra (IceCv)
  10 porcupines
  20 orc warriors
  2 ice beasts
  3 sky beasts
  An ettin simulacrum (IceCv)
  A phantom (D:8)
  5 swamp drakes
  A black bear (D:8)
  A necrophage (D:5)
  3 centaurs
  11 ogres
  16 crocodiles
  13 wolves
  17 bullfrogs
  A big kobold (D:9)
  A wyvern zombie (D:9)
  A gnoll sergeant (D:11)
  3 scorpions
  A wight (D:9)
  8 electric eels
  2 howler monkeys
  7 crimson imps
  3 bullfrog zombies
  3 jellies
  10 hounds
  A bullfrog skeleton (D:9)
  11 orc priests
  39 orc wizards
  2 centaur skeletons
  5 iguanas
  16 worker ants
  2 killer bee zombies
  8 gnolls
  A howler monkey skeleton (D:6)
  8 adders
  3 shadow imps
  5 oozes
  2 adder zombies
  An adder skeleton (D:9)
  3 worms
  5 dart slugs
  6 leopard geckos
  87 orcs
  3 ball pythons
  7 giant cockroaches
  7 hobgoblins
  6 kobolds
  7 quokkas
  11 bats
  5 frilled lizards
  3 goblins
  A jackal zombie (D:5)
  A leopard gecko skeleton (D:5)
  A quokka skeleton (D:5)
  A quokka zombie (D:5)
  3 rats
  3 briar patches (Swamp:3)
  2 fungi
  A plant (Lair:2)
709 creatures vanquished.

Vanquished Creatures (collateral kills)
  Snorg (Lair:5)
  Urug (Lair:4)
  3 ice devils (IceCv)
  A harpy simulacrum (IceCv)
  A hydra simulacrum (IceCv)
7 creatures vanquished.

Vanquished Creatures (others)
  A spriggan druid (Swamp:3)
  A slime creature (Swamp:3)
  A swamp drake (Swamp:4)
  2 orc wizards
  3 orcs
  3 briar patches (Swamp:3)
  A fungus (Lair:6)
  2 plants
14 creatures vanquished.

Grand Total: 730 creatures vanquished

Notes
Turn   | Place    | Note
-------+----------+-------------------------------------------
     0 | D:1      | Kingsmith the Minotaur Fighter began the quest for the Orb.
     0 | D:1      | Reached XP level 1. HP: 19/19 MP: 0/0
   202 | D:1      | Reached skill level 4 in Shields
   293 | D:1      | Reached XP level 2. HP: 25/26 MP: 1/1
   804 | D:2      | Reached skill level 5 in Shields
   936 | D:2      | Reached XP level 3. HP: 30/31 MP: 2/2
   966 | D:2      | Found a faded altar of an unknown god.
  1508 | D:3      | Noticed a bullfrog
  1512 | D:3      | Killed a bullfrog
  1512 | D:3      | Reached skill level 6 in Shields
  1512 | D:3      | Reached XP level 4. HP: 35/39 MP: 3/3
  1695 | D:3      | Found a glowing golden altar of the Shining One.
  1716 | D:3      | Became a worshipper of the Shining One
  1783 | D:3      | Reached XP level 5. HP: 44/45 MP: 4/4
  1784 | D:3      | Reached skill level 7 in Shields
  2060 | D:3      | Found a white marble altar of Elyvilon.
  2291 | D:4      | Found a sparkling altar of Nemelex Xobeh.
  2309 | D:4      | Noticed an ogre
  2316 | D:4      | Killed an ogre
  2316 | D:4      | Reached skill level 5 in Armour
  2316 | D:4      | Reached XP level 6. HP: 19/51 MP: 5/5
  2552 | D:4      | Found a sacrificial altar of Ru.
  2570 | D:4      | Found a deep blue altar of Sif Muna.
  2674 | D:4      | Found a hazy altar of Hepliaklqana.
  2712 | D:4      | Noticed Sigmund
  2721 | D:4      | Killed Sigmund
  2726 | D:4      | Reached XP level 7. HP: 15/59 MP: 6/6
  3006 | D:4      | Found a radiant altar of Vehumet.
  3137 | D:5      | Entered Level 5 of the Dungeon
  3155 | D:5      | Got a brightly glowing cloak
  3184 | D:5      | Reached skill level 5 in Fighting
  3518 | D:5      | Found Cetorion's Distillery.
  3526 | D:5      | Bought 2 potions of heal wounds for 100 gold pieces
  3526 | D:5      | Bought a potion of agility for 40 gold pieces
  3526 | D:5      | Bought a potion of berserk rage for 50 gold pieces
  3537 | D:5      | Found Wycemyxuid's Magic Scroll Emporium.
  3640 | D:5      | Reached * piety under the Shining One
  3658 | D:5      | Noticed Edmund
  3670 | D:5      | Killed Edmund
  3670 | D:5      | Reached XP level 8. HP: 51/71 MP: 7/7
  3689 | D:5      | Found Hirphuarph's Armour Emporium.
  3694 | D:5      | Reached skill level 5 in Long Blades
  3824 | D:5      | Found a bloodstained altar of Trog.
  3912 | D:5      | Noticed Daviar's ghost (novice FoAK)
  3935 | D:5      | Killed Daviar's ghost
  3954 | D:5      | Found Xeunnuim's Gadget Shoppe.
  3986 | D:5      | Reached skill level 1 in Dodging
  4264 | D:6      | Found a radiant altar of Vehumet.
  4480 | D:6      | Found Zin's Purification Station.
  4487 | D:6      | Found a glowing silver altar of Zin.
  4514 | D:6      | Found a shimmering altar of Xom.
  4516 | D:6      | Found a sacrificial altar of Ru.
  4717 | D:6      | Reached XP level 9. HP: 77/77 MP: 8/8
  4831 | D:6      | Found a shadowy altar of Dithmenos.
  5245 | D:7      | Reached skill level 5 in Dodging
  5276 | D:7      | Found a staircase to the Ecumenical Temple.
  5392 | D:7      | Reached ** piety under the Shining One
  5418 | D:7      | Identified the +1 cloak of the Quahog {Dex+7} (You found it on level 5 of the Dungeon)
  5528 | D:7      | Reached skill level 1 in Invocations
  5859 | D:7      | Found a shimmering altar of Xom.
  6012 | D:8      | Found a burning altar of Makhleb.
  6099 | D:8      | Reached skill level 1 in Evocations
  6171 | D:8      | Noticed a two-headed ogre
  6325 | D:8      | Found a stormy altar of Qazlal.
  6326 | D:8      | Noticed bmj180's ghost (novice MiFi)
  6330 | D:8      | Reached XP level 10. HP: 84/84 MP: 11/11
  6358 | D:8      | Killed bmj180's ghost
  6435 | D:8      | Noticed Maurice
  6445 | D:8      | Killed Maurice
  6445 | D:8      | Reached skill level 5 in Evocations
  7013 | D:9      | Reached skill level 10 in Long Blades
  7070 | D:9      | Noticed a two-headed ogre
  7087 | D:9      | Killed a two-headed ogre
  7119 | D:9      | Noticed a two-headed ogre
  7128 | D:9      | Killed a two-headed ogre
  7128 | D:9      | Reached XP level 11. HP: 74/92 MP: 14/14
  7139 | D:9      | Reached *** piety under the Shining One
  7171 | D:9      | Noticed a two-headed ogre
  7184 | D:9      | Killed a two-headed ogre
  7256 | D:9      | Noticed a lindwurm
  7257 | D:9      | Noticed a lindwurm
  7258 | D:9      | Noticed a lindwurm
  7258 | D:9      | Noticed a lindwurm
  7684 | D:9      | Identified a scroll of acquirement
  7839 | D:10     | Entered Level 10 of the Dungeon
  7923 | D:10     | Found a staircase to the Lair.
  7925 | D:10     | Noticed a death yak
  7925 | D:10     | Noticed a death yak
  7926 | D:10     | Noticed a death yak
  7926 | D:10     | Noticed a death yak
  7926 | D:10     | Noticed a death yak
  7984 | D:9      | Killed a death yak
  8039 | D:9      | Reached **** piety under the Shining One
  8351 | D:10     | Killed a death yak
  8355 | D:10     | Killed a death yak
  8360 | D:10     | Killed a death yak
  8360 | D:10     | Reached skill level 15 in Long Blades
  8640 | D:10     | Killed a death yak
  8778 | D:10     | Got a brightly glowing lead ring
  9018 | D:11     | Reached XP level 12. HP: 97/100 MP: 15/15
  9335 | D:11     | Found a staircase to the Orcish Mines.
  9496 | D:11     | Identified the ring "Gugualur" {rElec Int-2 Slay+1 Stlth+} (You found it on level 10 of the Dungeon)
 10544 | Lair:1   | Entered Level 1 of the Lair of Beasts
 10706 | Lair:1   | Reached skill level 5 in Invocations
 11157 | Lair:2   | Found a staircase to the Swamp.
 11641 | Lair:2   | Identified Fauthreapn's Compendium of the Destructive Traveller
 12621 | Lair:3   | Noticed a six-headed hydra
 12629 | Lair:3   | Killed a two-headed hydra
 12953 | Lair:3   | Found a staircase to the Snake Pit.
 12953 | Lair:3   | Noticed an eight-headed hydra
 12961 | Lair:3   | Killed a three-headed hydra
 12961 | Lair:3   | Reached skill level 10 in Invocations
 13470 | Lair:4   | Reached XP level 13. HP: 92/107 MP: 19/19
 13938 | Lair:4   | Noticed Urug
 13947 | Lair:4   | Killed Urug
 13993 | Lair:4   | Reached ***** piety under the Shining One
 13999 | Lair:4   | Reached skill level 10 in Fighting
 14979 | Lair:5   | Noticed Snorg
 14989 | Lair:5   | Killed Snorg
 15274 | Lair:6   | Entered Level 6 of the Lair of Beasts
 15394 | Lair:6   | Found a staircase to the Slime Pits.
 16263 | Lair:6   | Reached XP level 14. HP: 87/133 MP: 20/20
 16476 | Lair:6   | Reached skill level 15 in Fighting
 17288 | Orc:1    | Entered Level 1 of the Orcish Mines
 17705 | Orc:1    | Noticed Fannar
 17719 | Orc:1    | Killed Fannar
 18085 | Orc:1    | Reached skill level 8 in Shields
 18215 | Orc:2    | Entered Level 2 of the Orcish Mines
 18562 | Orc:2    | Reached skill level 9 in Shields
 18650 | Orc:2    | Paralysed by an orc sorcerer for 4 turns
 18664 | Orc:2    | Reached skill level 10 in Shields
 18803 | Orc:2    | Found a staircase to the Elven Halls.
 18944 | Orc:2    | Found Kisaacarch's Gadget Shop.
 18962 | Orc:2    | Found an ancient bone altar of Kikubaaqudgha.
 19012 | Orc:2    | Found a roughly hewn altar of Beogh.
 19012 | Orc:2    | Found Beomaov's Distillery.
 19016 | Orc:2    | Found a radiant altar of Vehumet.
 19021 | Orc:2    | Reached skill level 11 in Shields
 19026 | Orc:2    | Found Qismu's Antique Armour Boutique.
 19142 | Orc:2    | Found Amiudwam's Magic Scroll Boutique.
 19162 | Orc:2    | Bought glowing swamp dragon scales for 1537 gold pieces
 19516 | Swamp:1  | Entered Level 1 of the Swamp
 19908 | Swamp:1  | Reached skill level 12 in Shields
 20460 | Swamp:1  | Found a stormy altar of Qazlal.
 20526 | Swamp:1  | Identified the Handbook of the Entourage and Protection
 21179 | Swamp:2  | Reached skill level 13 in Shields
 21455 | Swamp:2  | Reached XP level 15. HP: 72/141 MP: 21/21
 21784 | Swamp:2  | Reached skill level 14 in Shields
 22162 | Swamp:3  | Reached ****** piety under the Shining One
 22234 | Swamp:3  | Found a frozen archway.
 22246 | IceCv    | Entered an ice cave
 22502 | IceCv    | Noticed Turgon's ghost (journeyman DDWn)
 22585 | IceCv    | Killed Turgon's ghost
 22771 | IceCv    | Noticed an Ice Fiend
 22784 | IceCv    | Killed an Ice Fiend
 22784 | IceCv    | Reached skill level 15 in Shields
 22932 | IceCv    | Got a shimmering scimitar
 22935 | IceCv    | Identified the +0 scimitar "Meijamer" {elec, rElec} (You found it in an ice cave)
 23058 | Swamp:3  | Noticed a thorn hunter
 23434 | Swamp:3  | Killed a thorn hunter
 23899 | Swamp:3  | Reached skill level 16 in Shields
 24349 | Swamp:4  | Entered Level 4 of the Swamp
 24778 | Swamp:4  | Noticed the 27-headed Lernaean hydra
 24791 | Swamp:4  | HP: 4/141 [the 26-headed Lernaean hydra (9)]
 24791 | Swamp:4  | Slain by the 26-headed Lernaean hydra

Skill      XL: |  1  2  3  4  5  6  7  8  9 10 11 12 13 14 15 |
---------------+----------------------------------------------+-----
Shields        | 4 5 6 7 13 16 | 16.9
Armour         | 5 7 8 |  8.7
Fighting       | 4 7 14 15 | 15.5
Long Blades    | 4 8 11 15 | 15.3
Dodging        | 3 8 |  8.1
Invocations    | 3 10 | 10.0
Evocations     | 3 6 7 |  7.1

Action                   |  1- 3 |  4- 6 |  7- 9 | 10-12 | 13-15 || total
-------------------------+-------+-------+-------+-------+-------++-------
Melee: Long sword        |    66 |    70 |   290 |   584 |  1077 ||  2087
       Headbutt          |    14 |    17 |    85 |   225 |   431 ||   772
Invok: Divine Shield     |       |       |       |     3 |     2 ||     5
       Cleansing Flame   |       |       |       |       |    14 ||    14
       Summon Divine War |       |       |       |       |     2 ||     2
 Abil: Evoke Berserk Rag |       |       |       |     3 |       ||     3
       Evoke Flight      |       |       |       |     2 |     1 ||     3
       Stop Flying       |       |       |       |       |     1 ||     1
Evoke: Phial of floods   |       |       |       |       |     3 ||     3
       Wand              |       |       |       |       |    10 ||    10
  Use: Scroll            |       |     7 |     5 |    17 |    13 ||    42
       Potion            |       |       |     1 |     3 |     5 ||     9
  Eat: Chunk             |     2 |     4 |    12 |    26 |    55 ||    99
Armor: Scale mail        |    46 |    35 |     4 |       |       ||    85
       Chain mail        |       |       |   111 |    10 |       ||   121
       Troll leather arm |       |       |       |    79 |   129 ||   208
       Swamp dragon scal |       |       |       |       |   114 ||   114
Dodge: Dodged            |    36 |    46 |    85 |   257 |   437 ||   861
Block: Shield            |       |    13 |   175 |   326 |   681 ||  1195
       Rpst.: Long sword |    13 |    10 |    18 |    60 |    93 ||   194
